 Dungeon Crawl Stone Soup version 0.26.1-11-gd32895ea62 (webtiles) character file.

Game seed: 1411563626238967086

3395 Almogavar the Carver (level 9, -17/124 HPs)
             Began as a Palentonga Berserker on July 18, 2021.
             Was an Elder of Trog.
             Demolished by an orc knight
             ... wielding a +0 halberd
              (20 damage)
             ... in a bailey.
             The game lasted 00:27:09 (9680 turns).

Almogavar the Carver (Palentonga Berserker)         Turns: 9680, Time: 00:27:09

Health: -17/124    AC: 13    Str: 30    XL:     9   Next: 75%
Magic:  9/9        EV: 12    Int:  7    God:    Trog [****..]
Gold:   537        SH:  6    Dex: 10    Spells: 8/8 levels left

rFire    . . .     SeeInvis +   a - +0 falchion
rCold    . . .     Faith    .   g - +2 buckler
rNeg     . . .     Spirit   .   b - +0 animal skin
rPois    +         Reflect  .   (no helmet)
rElec    .         Harm     .   w - scarf {shadows}
rCorr    .         Rampage  .   d - +1 pair of gloves
Will     ++...                  (no barding)
Stlth    ..........             y - amulet of the acrobat (curse)
HPRegen  1.30/turn              e - +6 ring of strength
MPRegen  0.11/turn              D - ring of poison resistance

@: berserking (expiring), regenerating, curled up, very quick
A: large, rugged brown scales 3, see invisible, deformed body, roll 1, armoured
tail, reflexive curl
a: Rolling Charge, Renounce Religion, Berserk, Trog's Hand, Brothers in Arms


You were in a bailey.
You worshipped Trog.
Trog was greatly pleased with you.
You visited 1 branch of the dungeon, and saw 7 of its levels.
You also visited: Bailey.

You collected 537 gold pieces.

Inventory:

Hand Weapons
 a - a +0 falchion (weapon)
Armour
 b - a +0 animal skin (worn)
 d - a +1 pair of gloves (worn)
 g - a +2 buckler (worn)
 s - a +0 ring mail
 w - a scarf of shadows (worn)
 E - a +0 chain mail
Jewellery
 e - a +6 ring of strength (left hand)
 y - a cursed amulet of the acrobat (around neck)
 D - a ring of poison resistance (right hand)
Wands
 l - a wand of disintegration (8)
 p - a wand of polymorph (8)
 z - a wand of digging (10)
 G - a wand of acid (10)
Scrolls
 f - 6 scrolls of remove curse
 h - 4 scrolls of teleportation
 k - 2 scrolls of fear
 m - a scroll of enchant armour
 r - a scroll of blinking {unknown}
 t - a scroll of magic mapping
 v - 2 scrolls of immolation {unknown}
 A - a scroll of torment {unknown}
 B - a scroll of amnesia {unknown}
Potions
 c - 2 potions of heal wounds
 i - 2 potions of curing
 j - 2 potions of haste {unknown}
 n - 3 potions of might {unknown}
 o - a potion of mutation {unknown}
 q - a potion of brilliance {unknown}
 u - a potion of attraction {unknown}
 x - a potion of magic {unknown}
 C - a potion of flight {unknown}
Miscellaneous
 F - a phantom mirror


   Skills:
 + Level 6.7 Fighting
 + Level 9.9 Long Blades
 + Level 1.8 Armour
 + Level 5.8 Dodging
 + Level 3.4 Shields
 + Level 1.3 Unarmed Combat
 + Level 0.2 Evocations


You had 8 spell levels left.
You didn't know any spells.
Your spell library was empty.

Dungeon Overview and Level Annotations

Branches:
Dungeon (7/15)             Temple (0/1) D:7          Bailey (1/1)

Altars:
Gozag
Okawaru


Innate Abilities, Weirdness & Mutations

You are completely covered in rugged brown scales. (AC +3, +7% HP)
You have supernaturally acute eyesight. (SInv)
Armour fits poorly on your strangely shaped body.
You can roll at nearby foes to attack.
You have a long armoured tail.
You curl defensively after being hit.


Message History

The orc knight hits you with a +0 halberd!!
You closely miss the orc knight.
The orc knight is moderately wounded.
The orc warrior barely misses you.
You hit the orc knight but do no damage.
The orc knight is moderately wounded.
You hit the orc knight but do no damage.
The orc knight is moderately wounded.
The orc warrior misses you.
The orc knight roars a battlecry!
The orc warrior hits you with a +0 spear!
* * * LOW HITPOINT WARNING * * *
You barely miss the orc knight.
The orc knight is moderately wounded.
You slash the orc knight!
The orc knight is heavily wounded.
The orc warrior hits you from afar with a +0 trident!!
* * * LOW HITPOINT WARNING * * *
The orc knight hits you with a +0 halberd!!
You die...

.......##....)..##...((....(.....
.)....##..#'#'#..##...(..........
......#..##)#.##.)#......).......
.....##.#########.##.............
.....##.')#!.:#)'.##.............
.(...##.###._.###)##.............
...).##.')#...#.'.##.............
.....##.####'####.##.............
.....##..##∩.o##@.#..........(...
.).......##'''#oo##.))...........
.........##....o##..(..........(.
≈≈≈≈.....##....##....≈≈≈≈≈...(.(.
#.#.≈....#######....≈.#.#≈≈....(.
#.∩#≈..............(≈#∩.##≈......
.^..≈...............≈.(^..≈......
#.##≈...............≈##)##≈......
#.#≈≈...............≈≈#.#≈≈......


You could see an orc knight and 2 orc warriors.

Vanquished Creatures
  The ghost of Kukuleta the Digger, a novice DrEE (D:5)
  Grinder (D:3)
  A vampire (D:6)
  Eustachio (D:4)
  A water moccasin (D:7)
  An ice beast (D:5)
  6 orc warriors
  A sky beast (D:6)
  An ogre (D:6)
  2 phantoms
  A bullfrog (D:6)
  A scorpion (D:6)
  A killer bee (D:6)
  5 wights (D:6)
  A howler monkey (D:5)
  A centaur zombie (D:5)
  A hound (D:5)
  A jelly (D:7)
  An orc priest (D:5)
  Crazy Yiuf (D:5)
  2 centaur skeletons (D:5)
  2 bullfrog skeletons
  Ijyb (D:5)
  Jessica (D:2)
  An iguana (D:6)
  10 orc wizards
  7 worker ants
  2 hound skeletons
  12 adders
  A shadow imp (D:6)
  A white imp (D:5)
  3 ufetubi
  2 oozes
  2 adder zombies
  An adder skeleton (D:5)
  3 worms
  3 dart slugs
  5 leopard geckos
  40 orcs
  4 giant cockroaches
  12 goblins
  10 hobgoblins
  4 jackals (D:3)
  11 kobolds
  3 quokkas
  4 bats
  6 frilled lizards
  A giant cockroach zombie (D:6)
  A jackal skeleton (D:5)
  10 rats
195 creatures vanquished.

Notes
Turn   | Place    | Note
-------+----------+-------------------------------------------
     0 | D:1      | Almogavar the Palentonga Berserker began the quest for the
                  | Orb.
     0 | D:1      | Reached XP level 1. HP: 20/20 MP: 1/1
   309 | D:1      | Reached XP level 2. HP: 27/27 MP: 2/2
   556 | D:1      | Reached ** piety under Trog
   569 | D:1      | Reached XP level 3. HP: 30/33 MP: 3/3
   824 | D:2      | Noticed Jessica
   826 | D:2      | Killed Jessica
   993 | D:2      | Reached XP level 4. HP: 31/42 MP: 4/4
  1235 | D:2      | Found an iron altar of Okawaru.
  1988 | D:3      | Reached skill level 4 in Long Blades
  2557 | D:3      | Noticed Grinder
  2575 | D:3      | Killed Grinder
  2576 | D:3      | Reached skill level 5 in Long Blades
  2576 | D:3      | Reached skill level 1 in Shields
  2576 | D:3      | Reached XP level 5. HP: 49/49 MP: 5/5
  2576 | D:3      | Reached XP level 6. HP: 55/55 MP: 6/6
  3011 | D:3      | Reached *** piety under Trog
  3630 | D:4      | Gained mutation: You curl defensively after being hit.
                  | [Palentonga growth]
  3630 | D:4      | Reached XP level 7. HP: 61/64 MP: 7/7
  3994 | D:4      | Noticed Eustachio
  4043 | D:4      | Killed Eustachio
  4044 | D:4      | Reached skill level 6 in Long Blades
  4404 | D:5      | Entered Level 5 of the Dungeon
  4412 | D:5      | Reached **** piety under Trog
  4442 | D:5      | Reached skill level 1 in Unarmed Combat
  4450 | D:5      | Reached skill level 5 in Fighting
  4450 | D:5      | Reached XP level 8. HP: 42/72 MP: 8/8
  4750 | D:5      | Reached skill level 7 in Long Blades
  4804 | D:5      | Found a runed translucent gate.
  4804 | D:5      | Found a runed translucent gate.
  4804 | D:5      | Found a runed translucent gate.
  4876 | D:5      | Found a runed translucent door.
  4877 | D:5      | Noticed Crazy Yiuf
  4893 | D:5      | Found an opulent altar of Gozag.
  4896 | D:5      | Noticed Kukuleta's ghost (novice DrEE)
  4939 | D:5      | Noticed Ijyb
  4944 | D:5      | Paralysed by Ijyb for 2 turns
  4961 | D:5      | Killed Ijyb
  5602 | D:5      | Killed Kukuleta's ghost
  5603 | D:5      | Reached skill level 8 in Long Blades
  5685 | D:5      | Killed Crazy Yiuf
  5814 | D:6      | Reached skill level 5 in Dodging
  6038 | D:6      | Reached XP level 9. HP: 10/80 MP: 9/9
  6039 | D:6      | HP: 4/80 [poisoned by a killer bee]
  6934 | D:6      | Reached skill level 9 in Long Blades
  7810 | D:7      | Found a flagged portal.
  7823 | Bailey   | Entered a bailey
  9360 | Bailey   | Found a roughly hewn altar of Beogh.
  9360 | Bailey   | Noticed an orc knight
  9680 | Bailey   | HP: 3/124 [orc warrior/+0 trident (25)]
  9680 | Bailey   | Demolished by an orc knight

Illustrated notes

Levels and vault maps discovered:
D:1:      dpeg_arrival_erosion, layout_basic
D:2:      layout_basic, okawaru_gym_becter, uniq_jessica
D:3:      kb_forest_paths, layout_loops_corners, uniq_grinder
D:4:      layout_loops_ring, uniq_eustachio
D:5:      layout_rooms, ebering_ghost_gozag, kennysheep_generic_room_2,
          uniq_ijyb, uniq_crazy_yiuf_cottage
D:6:      layout_basic, minivault_1, minmay_joined_circles
D:7:      layout_gridville, eat_drink_and_be_merry_uskayaw,
          minmay_temple_entry_steel_oval, enter_bailey_4, basic_altar
Bailey:   bailey_polearm_2, bailey

Skill      XL: |  1  2  3  4  5  6  7  8  9 |
---------------+----------------------------+-----
Dodging        | 2 3 4 5 |  5.8
Long Blades    | 5 6 8 9 |  9.9
Fighting       | 4 5 6 |  6.7
Shields        | 1 2 3 |  3.4
Unarmed Combat | 1 |  1.3
Armour         | |  1.8
Evocations     | |  0.2

Action                   |  1- 3 |  4- 6 |  7- 9 || total
-------------------------+-------+-------+-------++-------
Melee: Falchion          |    75 |   161 |   418 ||   654
       Tailslap          |     4 |    23 |    73 ||   100
       Unarmed           |       |       |    17 ||    17
Invok: Berserk           |     1 |     1 |    13 ||    15
       Trog's Hand       |       |     1 |     7 ||     8
 Abil: Rolling Charge    |    12 |    31 |    49 ||    92
Evoke: Wand              |       |       |     2 ||     2
  Use: Scroll            |     5 |     2 |     4 ||    11
       Potion            |       |       |     1 ||     1
 Stab: Paralysed         |       |       |     3 ||     3
Armor: Animal skin       |    23 |    42 |    84 ||   149
       Skin              |       |       |     9 ||     9
Dodge: Dodged            |    46 |    51 |   273 ||   370
Block: Buckler           |     2 |    38 |   124 ||   164
       Rpst.: Falchion   |    15 |     9 |    58 ||    82
